 Dungeon Crawl Stone Soup version 0.18.1-47-g9310371 (webtiles) character file.

322 Ponchio the Shield-Bearer (level 6, 0/38 HPs)
             Began as a Gargoyle Fighter on June 15, 2016.
             Killed by divine providence
             ... invoked by an orc priest
              (20 damage)
             ... on level 4 of the Dungeon.
             The game lasted 00:18:04 (2477 turns).

Ponchio the Shield-Bearer (Gargoyle Fighter)        Turns: 2477, Time: 00:18:05

Health: 0/38       AC: 12    Str: 20    XL:     6   Next: 47%
Magic:  6/6        EV:  8    Int:  8    God:
Gold:   200        SH: 10    Dex: 11    Spells: 0 memorised, 5 levels left

rFire  . . .     SeeInvis .     a - +0 flail
rCold  . . .     Gourm    .     b - +0 scale mail
rNeg   + . .     Faith    .     c - +0 shield
rPois  ∞         Spirit   .     (no helmet)
rElec  +         Dismiss  .     (no cloak)
rCorr  +         Reflect  .     (no gloves)
SustAt .         Harm     +     e - +0 pair of boots
MR     .....                    o - amulet of harm
Stlth  ..........               (no ring)
                                h - ring of resist corrosion

@: not resistant to hostile enchantments, extremely unstealthy
A: negative energy resistance 1, electricity resistance, unbreathing,
petrification resistance, rot immunity, AC +4
a: no special abilities


You were on level 4 of the Dungeon.
You were not hungry.

You visited 1 branch of the dungeon, and saw 4 of its levels.

You collected 200 gold pieces.

Inventory:

Hand Weapons
 a - a +0 flail (weapon)
Armour
 b - a +0 scale mail (worn)
 c - a +0 shield (worn)
 e - a +0 pair of boots (worn)
Jewellery
 h - a ring of resist corrosion (left hand)
 o - an amulet of harm (around neck)
 r - an uncursed ring of protection from fire {unknown}
Wands
 t - a wand of iceblast (14/15)
Scrolls
 k - 2 scrolls of remove curse
 m - 3 scrolls of amnesia
 n - a scroll of recharging
Potions
 d - a potion of might
 g - 3 potions of lignification
 i - a potion of flight {unknown}
 q - a potion of cure mutation {unknown}
 s - a potion of brilliance {unknown}
 v - a potion of agility {unknown}
Comestibles
 f - 3 bread rations
 j - a meat ration
 l - 2 beef jerkies
 u - 4 chunks of flesh


   Skills:
 + Level 4.2 Fighting
 + Level 3.1 Maces & Flails
 + Level 3.9 Armour
 + Level 2.3 Dodging
 - Level 0.5 Stealth
 + Level 5.2 Shields


You had 5 spell levels left.
You didn't know any spells.

Dungeon Overview and Level Annotations

Branches:
Dungeon (4/15)
 Temple: D:4-7

Altars:
Okawaru


Innate Abilities, Weirdness & Mutations

You are resistant to torment.
Your stone body is resilient (AC +4).
You are immune to poison.
You resist negative energy.
You are resistant to electric shocks.
You can survive without breathing.
You are immune to petrification.
You are immune to rotting.


Message History

You hit the orc priest.
The orc priest is almost dead.
The orc priest hits you but does no damage.
You barely miss the orc priest.
The orc priest is almost dead.
You block the orc priest's attack.
You hit the orc priest but do no damage.
The orc priest is almost dead.
The orc priest mumbles some strange prayers to Beogh against you.
Beogh smites you!
You barely miss the orc priest.
The orc priest is almost dead.
The orc priest looks braver for a moment.
You block the orc priest's attack.
You barely miss the orc priest.
The orc priest is almost dead.
The orc priest mumbles some strange prayers to Beogh against you.
Beogh smites you!
Ouch! That really hurt!
You die...

..# .#.#
...######...###
............?..
............ .
.[.......# ..
#.......###
#.##..o.......
#.....@.......
..#............
#......<(......
............#..
#..............
#...........<..
.##.#####.###..
$.. .# .. ###
!#


You could see an orc priest.

Vanquished Creatures
  2 orc priests (D:3)
  Ijyb (D:3)
  An orc wizard (D:3)
  4 gnolls (D:3)
  8 adders
  4 worms
  2 dart slugs
  A giant gecko (D:2)
  6 orcs (D:3)
  2 ball pythons
  2 giant cockroaches
  3 goblins
  7 hobgoblins
  18 jackals
  9 bats
  2 giant newts (D:1)
  7 kobolds
  10 rats
89 creatures vanquished.

Notes
Turn   | Place    | Note
--------------------------------------------------------------
     0 | D:1      | Ponchio the Gargoyle Fighter began the quest for the Orb.
     0 | D:1      | Reached XP level 1. HP: 14/14 MP: 1/1
   103 | D:1      | Reached XP level 2. HP: 14/19 MP: 2/2
   465 | D:1      | Reached skill level 4 in Shields
   465 | D:1      | Reached XP level 3. HP: 23/23 MP: 3/3
   859 | D:2      | Reached skill level 1 in Dodging
   859 | D:2      | Reached XP level 4. HP: 28/28 MP: 4/4
  1459 | D:3      | Reached XP level 5. HP: 22/33 MP: 5/5
  1773 | D:3      | Found an iron altar of Okawaru.
  1797 | D:3      | Reached XP level 6. HP: 37/38 MP: 6/6
  2080 | D:3      | Noticed Ijyb
  2096 | D:3      | Killed Ijyb
  2096 | D:3      | Reached skill level 5 in Shields
  2477 | D:4      | Killed from afar by an orc priest

Skill      XL: |  1  2  3  4  5  6 |
---------------+-------------------+-----
Shields        | 4 5 |  5.2
Dodging        | 1 2 |  2.3
Maces & Flails | 3 |  3.1
Fighting       | 4 |  4.2
Armour         | |  3.9
Stealth        | |  0.5

Action                   |  1- 3 |  4- 6 || total
-------------------------+-------+-------++-------
Melee: Flail             |   123 |   273 ||   396
  Use: Scroll            |       |     4 ||     4
  Eat: Chunk             |       |     6 ||     6
Armor: Scale mail        |   105 |   189 ||   294
Dodge: Dodged            |    62 |   121 ||   183
Block: Shield            |    93 |   155 ||   248
